 Dungeon Crawl Stone Soup version 0.20.1-1-g8b1a95d (webtiles) character file.

140 Irenicus the Slasher (level 5, -3/36 HPs)
             Began as an Octopode Chaos Knight on Oct 13, 2017.
             Slain by a warg (15 damage)
             ... on level 4 of the Dungeon.
             The game lasted 00:04:13 (1642 turns).

Irenicus the Slasher (Octopode Chaos Knight)        Turns: 1642, Time: 00:04:14

Health: -3/36      AC:  1    Str: 11    XL:     5   Next: 23%
Magic:  5/5        EV: 13    Int: 16    God:    Xom [.....*]
Gold:   118        SH:  0    Dex: 13    Spells: 4/4 levels left

rFire    . . .     SeeInvis .   a - +0 falchion (chaos)
rCold    . . .     Gourm    .   (no shield)
rNeg     . . .     Faith    .   (helmet restricted)
rPois    .         Spirit   .   (no amulet)
rElec    .         Reflect  .   g - +2 ring of intelligence (curse)
rCorr    .         Harm     .   h - ring of flight
MR       +....                  p - ring of protection from magic
Stlth    ++........             (no ring)
Regen    0.2/turn               (no ring)
MPRegen  0.1/turn               (no ring)
                                (no ring)
                                (no ring)

@: no status effects
A: almost no armour, stealthy swim, amphibious, 8 rings, constrict 8, camouflage
1, gelatinous body 1
a: Renounce Religion, Evoke Flight


You were on level 4 of the Dungeon.
You worshipped Xom.
You were Xom's teddy bear.
You were not hungry.

You visited 1 branch of the dungeon, and saw 4 of its levels.

You collected 118 gold pieces.

Inventory:

Hand Weapons
 a - a +0 falchion of chaos (weapon)
Jewellery
 g - a cursed +2 ring of intelligence (left tentacle)
 h - a ring of flight (right tentacle)
 p - a ring of protection from magic (on tentacle)
Scrolls
 e - a scroll of amnesia {unknown}
 i - 3 scrolls of teleportation
 k - a scroll of enchant armour {unknown}
 l - 2 scrolls of identify {unknown}
 m - a scroll of noise {unknown}
 n - a scroll of remove curse {unknown}
 r - a scroll of fear {unknown}
 u - a scroll of random uselessness {unknown}
Potions
 c - 2 potions of heal wounds {unknown}
 f - a potion of lignification {unknown}
 o - a potion of agility {unknown}
 q - a potion of flight {unknown}
 s - 2 potions of haste {unknown}
 t - a potion of ambrosia {unknown}
 v - a potion of might {unknown}
 w - a potion of cancellation {unknown}
 x - a potion of curing {unknown}
 A - a potion of degeneration {unknown}
Comestibles
 b - 3 bread rations
 d - 3 royal jellies
 j - 2 meat rations


   Skills:
 - Level 3.0 Fighting
 + Level 5.7 Long Blades
 - Level 2.3 Dodging


You had 4 spell levels left.
You didn't know any spells.

Dungeon Overview and Level Annotations

Branches:
Dungeon (4/15)
 Temple: D:4-7

Altars:
Zin


Innate Abilities, Weirdness & Mutations

You cannot wear most types of armour.
You are very stealthy in the water. (Stealth+)
You are amphibious.
You can wear up to eight rings at the same time.
You can use your tentacles to constrict eight enemies at once.
Your skin changes colour to match your surroundings (Stealth+).
Your rubbery body absorbs attacks. (AC +1, EV +1)


Message History

You have reached level 5!
You feel agile.
You hit the ogre. You drain the ogre! Your squeeze misses the ogre.
The ogre is lightly wounded.
The ogre hits you with a giant club!
You barely miss the ogre.
The ogre is lightly wounded.
The ogre barely misses you. "This might be better!"
The ogre evaporates and reforms as a warg!
You completely miss the warg. Your squeeze misses the warg.
The warg barely misses you.
You riposte.
You closely miss the warg. You hit the warg. You freeze the warg.
You squeeze the warg!
The warg is heavily wounded.
The warg closely misses you. The warg bites you!
You hit the warg but do no damage.
The warg is heavily wounded.
The warg bites you!
You die...
Xom giggles madly!

.........# .........#
.........##############
.........+.............
.........###...########
.........###...#########
..[........'............
########'####.....######
......(.@..##........#
.......h†..##........#
......)....####......#
...........# #......#
...........# #......####
.....(.....# #..........
.......?...# #..........
.....$.....# #..........
...........# ####.......


You could see a warg.

Vanquished Creatures
  A hound (D:4)
  3 adders (D:2)
  An adder skeleton (D:4)
  2 worms
  5 dart slugs
  5 leopard geckos
  2 giant cockroaches
  7 goblins
  5 hobgoblins
  7 kobolds
  A ball python (D:1)
  10 bats
  5 frilled lizards
  12 rats
66 creatures vanquished.

Notes
Turn   | Place    | Note
-------+----------+-------------------------------------------
     0 | D:1      | Irenicus the Octopode Chaos Knight began the quest for the Orb.
     0 | D:1      | Reached XP level 1. HP: 16/16 MP: 1/1
   151 | D:1      | Reached XP level 2. HP: 13/21 MP: 2/2
   251 | D:1      | XOM: noise
   447 | D:1      | Reached skill level 4 in Long Blades
   479 | D:1      | Reached XP level 3. HP: 19/26 MP: 3/3
   794 | D:2      | Reached XP level 4. HP: 26/31 MP: 4/4
   933 | D:2      | Reached skill level 5 in Long Blades
  1075 | D:2      | Found a glowing silver altar of Zin.
  1632 | D:4      | Noticed an ogre
  1634 | D:4      | Reached XP level 5. HP: 34/36 MP: 5/5
  1639 | D:4      | Noticed a warg
  1639 | D:4      | an ogre changed into a warg
  1639 | D:4      | XOM: polymorph ogre -> warg
  1642 | D:4      | Slain by a warg

Skill      XL: |  1  2  3  4 |
---------------+-------------+-----
Long Blades    | 4 5 |  5.7
Fighting       | |  3.0
Dodging        | |  2.3

Action                   |  1- 3 |  4- 6 || total
-------------------------+-------+-------++-------
Melee: Falchion          |    65 |    50 ||   115
       Constrict         |    21 |    20 ||    41
       Tentacles         |     9 |     7 ||    16
  Use: Scroll            |       |     1 ||     1
 Stab: Sleeping          |     8 |     5 ||    13
  Eat: Chunk             |       |     2 ||     2
Armor: Skin              |     4 |     7 ||    11
Dodge: Dodged            |    34 |    38 ||    72
       Rpst.: Falchion   |    11 |    10 ||    21
